Map: Oblivion Express

Players

Alebay

  • Race: Protoss Protoss
  • Spawn Location: 0:00

MattBarry

  • Race: Protoss Protoss
  • League: Gold
  • Spawn Location: 12:00

VOD

Have the link to the VOD?

Description

Time

  • Played on: Jan. 20, 2023, 7:26 p.m.
  • Length: 25:47
Show
View Real Time Build Order
Export as new Build Order

Alebay Protoss 

Build Orders:  

Get SALT Encoding   

  12  0:02  Probe (Chrono Boost)  
  13  0:16  Probe (Chrono Boost)  
  14  0:26  Pylon  
  14  0:30  Probe (Chrono Boost)  
  15  0:51  Probe (Chrono Boost)  
  15  0:55  Gateway  
  15  0:56  Cybernetics Core  
  16  1:04  Probe (Chrono Boost)  
  17  1:18  Probe (Chrono Boost)  
  18  1:31  Pylon, Probe (Chrono Boost)  
  19  1:44  Forge  
  19  1:46  Assimilator  
  19  1:47  Probe (Chrono Boost)  
  20  2:00  Legionnaire  
  20  2:01  Probe (Chrono Boost)  
  24  2:14  Probe (Chrono Boost)  
  25  2:27  Pylon  
  25  2:28  Probe (Chrono Boost)  
  26  2:32  Pylon  
  26  2:41  Probe (Chrono Boost)  
  26  2:44  Legionnaire  
  30  2:55  Probe (Chrono Boost)  
  30  2:59  Assimilator  
  31  3:04  Warp Gate  
  31  3:08  Probe (Chrono Boost)  
  32  3:12  Kaldalis' A.I. Personality  
  32  3:37  Purifier Armaments  
  32  3:39  Probe (Chrono Boost)  
  33  4:20  Legionnaire  
  33  4:27  Nexus  
  36  4:30  Protoss Ground Weapons Level 1  
  37  4:42  Probe (Chrono Boost)  
  37  4:44  Pylon  
  37  4:47  Pylon  
  37  4:50  Adept  
  37  4:58  Talis' A.I. Personality  
  39  5:11  Twilight Council  
  39  5:15  Adept  
  41  5:29  Pylon  
  41  5:33  Gateway  
  42  5:40  Probe (Chrono Boost)  
  42  5:42  Adept  
  44  5:59  Probe (Chrono Boost)  
  45  6:16  Probe (Chrono Boost)  
  44  6:24  Adept  
  46  6:39  Protoss Ground Armor Level 1  
  46  6:53  Adept x2  
  46  6:54  Probe (Chrono Boost)  
  46  6:58  Probe (Chrono Boost)  
  52  7:08  Probe (Chrono Boost)  
  53  7:10  Gateway  
  53  7:12  Charge, Gateway  
  53  7:15  Probe (Chrono Boost)  
  54  7:23  Probe (Chrono Boost)  
  56  7:32  Probe (Chrono Boost)  
  57  7:40  Probe (Chrono Boost)  
  57  7:43  Adept  
  57  7:44  Adept  
  57  7:49  Probe (Chrono Boost)  
  62  7:55  Assimilator  
  62  7:57  Probe (Chrono Boost)  
  62  7:58  Assimilator  
  62  7:59  Psionic Projection  
  63  8:11  Adept x2  
  69  8:30  Probe x2 (Chrono Boost)  
  69  8:31  Legionnaire x2  
  69  8:37  Adept  
  77  8:45  Empowered Blades  
  77  8:46  Pylon  
  77  8:47  Probe x2 (Chrono Boost)  
  77  8:49  Pylon  
  79  9:01  Adept  
  79  9:04  Probe x2 (Chrono Boost)  
  79  9:05  Observation Protocol, Adept  
  85  9:12  Adept  
  89  9:21  Probe x2 (Chrono Boost)  
  86  9:46  Adept x4  
  94  9:57  Debilitation System  
  94  9:59  Pylon  
  94  10:03  Pylon  
  94  10:06  Pylon  
  96  10:20  Probe (Chrono Boost)  
  96  10:21  Legionnaire x2, Probe (Chrono Boost)  
  102  10:36  Protoss Ground Weapons Level 2  
  102  10:37  Probe (Chrono Boost)  
  103  11:02  Adept x2  
  103  11:03  Adept x2  
  111  11:11  Gateway  
  111  11:13  Gateway  
  111  11:19  Gateway  
  111  11:33  Legionnaire  
  111  11:34  Legionnaire x3  
  123  11:42  Pylon  
  123  11:44  Pylon  
  123  11:47  Pylon  
  117  13:03  Protoss Ground Armor Level 2  
  115  13:10  Adept x4  
  115  13:11  Adept x3  
  127  14:09  Legionnaire x3  
  136  14:10  Legionnaire x4  
  148  14:23  Pylon  
  148  14:27  Pylon  
  148  14:30  Pylon  
  148  14:37  Pylon  
  148  14:38  Pylon  
  136  15:00  Legionnaire  
  136  15:01  Legionnaire x6  
  152  15:23  Protoss Ground Weapons Level 3  
  150  15:38  Adept x6  
  150  15:39  Adept  
  158  16:05  Adept x5  
  158  16:06  Adept x2  
  158  16:38  Legionnaire  
  158  16:39  Legionnaire x3  
  166  16:40  Adept x3  
  168  17:04  Adept  
  168  17:05  Adept x5  
  168  17:06  Adept  
  176  17:43  Adept x3  
  182  17:55  Pylon  
  182  17:57  Pylon  
  182  17:59  Pylon  
  182  18:16  Legionnaire  
  182  18:17  Legionnaire  
  179  18:26  Protoss Shields Level 1  
  179  18:36  Legionnaire x2  
  179  18:37  Legionnaire x3  
  194  18:51  Adept x2  
  198  19:13  Adept  
  198  20:07  Adept  
  200  20:16  Protoss Ground Armor Level 3  
  162  21:20  Legionnaire  
  162  21:21  Legionnaire x3, Adept x2  
  162  21:22  Adept  
  169  21:58  Adept x3  
  169  21:59  Adept x4  
  180  22:08  Pylon  
  178  22:16  Pylon  
  178  22:17  Pylon  
  165  22:57  Adept x5  
  165  22:58  Adept x2  
  173  23:24  Adept x3  
  173  23:25  Adept  
  177  23:56  Adept x4  
  171  24:28  Adept x4  
  171  25:09  Adept x3  
  171  25:10  Adept  
Show
View Real Time Build Order
Export as new Build Order

MattBarry Protoss 

Build Orders:  

Get SALT Encoding   

  12  0:05  Probe (Chrono Boost)  
  13  0:19  Probe (Chrono Boost)  
  14  0:33  Probe (Chrono Boost)  
  14  0:36  Pylon  
  15  1:02  Probe (Chrono Boost)  
  16  1:16  Assimilator, Probe (Chrono Boost)  
  17  1:31  Probe (Chrono Boost)  
  17  1:37  Gateway  
  18  1:45  Probe (Chrono Boost)  
  18  1:49  Forge  
  19  1:55  Pylon  
  19  1:59  Probe (Chrono Boost)  
  20  2:13  Probe (Chrono Boost)  
  21  2:26  Probe (Chrono Boost)  
  22  2:36  Gateway  
  22  2:40  Probe (Chrono Boost)  
  22  2:43  Supplicant x2  
  27  2:54  Cybernetics Core, Probe (Chrono Boost)  
  28  3:08  Probe (Chrono Boost)  
  28  3:09  Assimilator  
  29  3:22  Probe (Chrono Boost)  
  30  3:31  Protoss Air Weapons Level 1, Protoss Ground Weapons Level 1  
  30  3:36  Probe (Chrono Boost)  
  31  3:48  Warp Gate  
  31  4:26  Nexus  
  31  4:39  Pylon  
  31  4:43  Pylon  
  31  5:00  Pylon  
  31  5:08  Robotics Facility  
  31  5:10  Gateway  
  31  5:22  Slayer  
  33  5:36  Supplicant x2  
  37  5:43  Pylon  
  37  6:07  Robotics Facility  
  37  6:18  Slayer  
  39  6:25  Supplicant x2  
  43  6:55  Probe (Chrono Boost)  
  43  6:59  Probe (Chrono Boost)  
  45  7:09  Probe (Chrono Boost)  
  46  7:13  Probe (Chrono Boost)  
  47  7:22  Probe (Chrono Boost)  
  47  7:24  Photon Cannon  
  47  7:27  Probe (Chrono Boost)  
  49  7:36  Probe (Chrono Boost)  
  50  7:50  Probe (Chrono Boost)  
  51  8:08  Protoss Shields Level 1  
  51  8:15  Forge  
  51  8:24  Gateway  
  51  8:26  Gateway  
  51  8:33  Robotics Bay  
  51  8:38  Robotics Facility  
  51  8:43  Slayer x2  
  51  8:45  Supplicant x2  
  59  8:52  Probe x2 (Chrono Boost)  
  61  9:05  Probe (Chrono Boost)  
  61  9:06  Probe (Chrono Boost)  
  63  9:19  Probe (Chrono Boost)  
  65  9:20  Probe (Chrono Boost)  
  65  9:33  Probe (Chrono Boost)  
  65  9:34  Probe (Chrono Boost)  
  67  9:47  Probe (Chrono Boost)  
  68  10:29  Pylon  
  68  10:43  Supplicant x2  
  68  10:44  Supplicant x2  
  76  10:50  Pylon  
  74  11:00  Pylon  
  74  11:01  Pylon  
  74  11:15  Wraithwalker x2  
  86  11:31  Pylon  
  86  11:33  Probe (Chrono Boost)  
  86  11:34  Pylon, Probe (Chrono Boost)  
  86  11:39  Supplicant x4  
  96  11:40  Supplicant x2  
  96  11:41  Pylon  
  96  11:47  Probe (Chrono Boost)  
  101  11:57  Pylon  
  98  12:30  Wraithwalker x2  
  98  12:37  Slayer x3  
  114  13:38  Photon Cannon  
  114  13:44  Pylon  
  114  13:45  Wraithwalker  
  118  14:09  Vanguard  
  122  14:11  Slayer x2  
  126  14:24  Pylon  
  126  14:25  Pylon  
  126  14:28  Pylon  
  126  14:29  Pylon  
  118  15:04  Aerial Tracking  
  118  15:07  Protoss Ground Armor Level 1, Protoss Air Armor Level 1  
  116  15:18  Death Council  
  104  15:39  Slayer  
  106  15:43  Supplicant x2  
  106  15:44  Supplicant x6  
  117  16:03  Fusion Mortars  
  109  16:21  Slayer x3  
  115  16:43  Slayer x2  
  115  17:00  Pylon  
  115  17:05  Assimilator  
  115  17:10  Assimilator  
  115  17:19  Gateway  
  113  17:20  Gateway  
  113  17:26  Gateway  
  113  17:29  Gateway  
  113  17:36  Wraithwalker  
  117  18:34  Wraithwalker  
  123  19:06  Pylon  
  123  19:12  Pylon  
  123  19:22  Pylon  
  123  19:36  Pylon  
  123  19:39  Pylon  
  121  20:00  Wraithwalker x2  
  133  20:15  Photon Cannon  
  133  20:19  Photon Cannon  
  133  20:31  Pylon  
  133  20:38  Slayer x2  
  133  20:39  Slayer x2  
  139  21:30  Supplicant x2  
  139  21:31  Supplicant x8  
  139  21:32  Supplicant x4  
  155  22:19  Slayer  
  157  22:20  Slayer x5  
  157  22:21  Slayer x3  
  153  23:24  Slayer x2  
  153  23:25  Slayer x3  
  153  23:26  Slayer x2  
  153  23:52  Photon Cannon  
  153  24:16  Pylon  
  153  24:18  Pylon  
  153  24:22  Pylon  
  153  24:28  Pylon  
  153  24:32  Pylon  
  153  24:33  Slayer x2  
Tags
 
Commander
AlarakFenix
League
Gold
Matchup
Co-op
Replay Pack
Multiplayer
Add a new tag
Caveats
  • Supply blocks, unpowered buildings, or Contaminate may cause inaccurate times.
  • Supply counts are checked every 10 seconds.